AoeStats
← BladeStorm

Arena

509724237Analyzed
1v1 RM · 4d ago on Sep 27, 2026· 21m 49s· 2 players
Game mode
Random Map
Map size
Tiny (2 player)
Population
200
Speed
Normal
Resources
Standard
Victory
Conquest
Starting age
Dark Age
Ending age
Imperial Age
RankedLock teamsTeams togetherTeam positionsShared explorationLock speedFull tech treeHidden civsTurbo modeCheats
Victory
Defeat
🇨🇦 Japanese · Canada
959
+14
🇬🇧 Japanese · United Kingdom
923
-14
The Architecht
9:59 Feudal Age
15:59 Castle Age
14:35 Double-Bit Axe
14:33 Horse Collar
16:57 Bow Saw
16:48 Heavy Plow
BladeStorm
11:30 Feudal Age
12:41 Double-Bit Axe
12:37 Horse Collar
16:32 Castle Age
15:13 Loom
17:16 Bloodlines
18:42 Husbandry
20:56 Forging
20:52 Scale Barding Armor
Connection lost

Rejoining the realm…

Still unreachable

The connection could not be restored.

Session expired

The server has moved on; the page needs a fresh start.